ITL
BIRMINGHAM BARONS @ WABA DUCKS
07/21/2027
 
TOP OF THE 1ST
Birmingham Barons batting - Pitching for Waba Ducks : RHP Miguel Guerrero
Pitching: RHP Miguel Guerrero
Batting: LHB Al Gaines 0-0: SINGLE (Line Drive, 7S)
Batting: RHB Warren Martin 0-0: Ball
1-0: Called Strike
1-1: Ball
2-1: Ball
3-1: Ground out 5-3 (Groundball, 5S)
Al Gaines to second
Batting: RHB Yujiro Kurihara 0-0: Called Strike
0-1: Ball
1-1: Swinging Strike
1-2: Foul Ball, location: 2F
1-2: Ball
2-2: Strikes out swinging
Batting: SHB Anastasio Ortíz 0-0: Ground out U3 (Groundball, 34S)
Top of the 1st over - 0 run(s), 1 hit(s), 0 error(s), 1 left on base; Birmingham 0 - Waba 0
BOTTOM OF THE 1ST
Waba Ducks batting - Pitching for Birmingham Barons : RHP Stanley Briggs
Pitching: RHP Stanley Briggs
Batting: LHB Javier Orozco 0-0: Foul Ball, location: 2F
0-1: Ball
1-1: SOLO HOME RUN (Flyball, 8LXD), Distance : 412 ft
Batting: RHB Pedro Molina 0-0: Swinging Strike
0-1: Ball
1-1: Ball
2-1: SINGLE (Line Drive, 6MD)
Batting: LHB José Román 0-0: Called Strike
0-1: SINGLE (Line Drive, 4D)
Pedro Molina to second
Runner from 2nd tries for 3rd, SAFE, throw made to third
Batting: RHB Chris Osborn 0-0: Ball
1-0: Swinging Strike
1-1: Ball
2-1: Ball
3-1: Base on Balls
José Román to second
Batting: RHB Paul Spencer 0-0: Ball
1-0: Ball
2-0: Called Strike
2-1: Foul Ball, location: 2F
2-2: Strikes out swinging
Batting: RHB Jeremy Flemming 0-0: Ball
1-0: Ball
2-0: Ball
3-0: Called Strike
3-1: Swinging Strike
3-2: Strikes out swinging
Batting: RHB Ángelo García 0-0: Called Strike
0-1: Fielders Choice at 2nd, 6-4 (Groundball, 56)
Bottom of the 1st over - 1 run(s), 3 hit(s), 0 error(s), 2 left on base; Birmingham 0 - Waba 1
TOP OF THE 2ND
Birmingham Barons batting - Pitching for Waba Ducks : RHP Miguel Guerrero
Batting: RHB Jean-Paul St-Pierre 0-0: Swinging Strike
0-1: Ground out 6-3 (Groundball, 6)
Batting: RHB Vicente Elías 0-0: Ball
1-0: Foul Ball, location: 2F
1-1: Swinging Strike
1-2: Strikes out swinging
Batting: RHB Peyton Yardley 0-0: Fly out, F8 (Flyball, 8LS)
Top of the 2nd over - 0 run(s), 0 hit(s), 0 error(s), 0 left on base; Birmingham 0 - Waba 1
BOTTOM OF THE 2ND
Waba Ducks batting - Pitching for Birmingham Barons : RHP Stanley Briggs
Batting: RHB Shaun Puckett 0-0: Ball
1-0: Ball
2-0: SINGLE (Line Drive, 8RS)
Batting: RHB António Valdéz 0-0: Ball
1-0: Ball
2-0: Foul Ball, location: 2F
2-1: Ball
3-1: Grounds into double play, 6-4-3 (Groundball, 6)
Batting: LHB Javier Orozco 0-0: Swinging Strike
0-1: SOLO HOME RUN (Flyball, 89XD), Distance : 373 ft
Pitching: RHP Pedro Valdés
Batting: RHB Pedro Molina 0-0: Ball
1-0: Ball
2-0: SINGLE (Flyball, 8RS)
Batting: LHB José Román 0-0: Called Strike
0-1: Swinging Strike
0-2: Ball
1-2: Ball
2-2: Ball
3-2: Strikes out swinging
Bottom of the 2nd over - 1 run(s), 3 hit(s), 0 error(s), 1 left on base; Birmingham 0 - Waba 2
TOP OF THE 3RD
Birmingham Barons batting - Pitching for Waba Ducks : RHP Miguel Guerrero
Batting: RHB Pete Smith 0-0: Swinging Strike
0-1: Ball
1-1: Ball
2-1: Foul Ball, location: 2F
2-2: Strikes out swinging
Batting: RHB David Raymos 0-0: Ball
1-0: Ball
2-0: Foul Ball, location: 2F
2-1: Foul Ball, location: 2F
2-2: Strikes out looking
Batting: LHB Al Gaines 0-0: Swinging Strike
0-1: Swinging Strike
0-2: Ball
1-2: DOUBLE (Line Drive, 9LD)
Batting: RHB Warren Martin 0-0: Ball
1-0: Fly out, F8 (Flyball, 8LS)
Top of the 3rd over - 0 run(s), 1 hit(s), 0 error(s), 1 left on base; Birmingham 0 - Waba 2
BOTTOM OF THE 3RD
Waba Ducks batting - Pitching for Birmingham Barons : RHP Pedro Valdés
Batting: RHB Chris Osborn 0-0: Called Strike
0-1: Swinging Strike
0-2: Ball
1-2: Strikes out swinging
Batting: RHB Paul Spencer 0-0: Ball
1-0: Ball
2-0: Ball
3-0: Base on Balls
Batting: RHB Jeremy Flemming 0-0: Ball
1-0: Ball
2-0: Foul Ball, location: 2F
2-1: Ball
3-1: Swinging Strike
3-2: Base on Balls
Paul Spencer to second
Batting: RHB Ángelo García 0-0: Ball
1-0: Ball
2-0: Called Strike
2-1: Foul Ball, location: 2F
2-2: Strikes out swinging
Batting: RHB Shaun Puckett 0-0: Foul Ball, location: 2F
0-1: Ground out 5-3 (Groundball, 5S)
Bottom of the 3rd over - 0 run(s), 0 hit(s), 0 error(s), 2 left on base; Birmingham 0 - Waba 2
TOP OF THE 4TH
Birmingham Barons batting - Pitching for Waba Ducks : RHP Miguel Guerrero
Batting: RHB Yujiro Kurihara 0-0: Foul Ball, location: 2F
0-1: Ground out U3 (Groundball, 34S)
Batting: SHB Anastasio Ortíz 0-0: Ball
1-0: Called Strike
1-1: Ball
2-1: Ball
3-1: Foul Ball, location: 2F
3-2: Ground out 3-1 (Groundball, 34)
Batting: RHB Jean-Paul St-Pierre 0-0: Called Strike
0-1: Foul Ball, location: 2F
0-2: Ball
1-2: Ball
2-2: Ball
3-2: Strikes out swinging
Top of the 4th over - 0 run(s), 0 hit(s), 0 error(s), 0 left on base; Birmingham 0 - Waba 2
BOTTOM OF THE 4TH
Waba Ducks batting - Pitching for Birmingham Barons : RHP Pedro Valdés
Batting: RHB António Valdéz 0-0: Called Strike
0-1: Ball
1-1: Foul Ball, location: 2F
1-2: Ball
2-2: Ground out 5-3 (Groundball, 5)
Batting: LHB Javier Orozco 0-0: Ball
1-0: Ball
2-0: Ball
3-0: Base on Balls
Batting: RHB Pedro Molina 0-0: Ball
Javier Orozco steals 2nd base
1-0: Called Strike
1-1: Foul Ball, location: 2F
1-2: Ball
2-2: Fly out, F9 (Flyball, 9S)
Batting: LHB José Román 0-0: Ball
1-0: Swinging Strike
1-1: Called Strike
1-2: Foul Ball, location: 2F
1-2: Strikes out looking
Bottom of the 4th over - 0 run(s), 0 hit(s), 0 error(s), 1 left on base; Birmingham 0 - Waba 2
TOP OF THE 5TH
Birmingham Barons batting - Pitching for Waba Ducks : RHP Miguel Guerrero
Batting: RHB Vicente Elías 0-0: Called Strike
0-1: SINGLE (Groundball, 56S) (infield hit)
Batting: RHB Peyton Yardley 0-0: Called Strike
0-1: Swinging Strike
0-2: Ball
1-2: Strikes out swinging
Batting: RHB Pete Smith 0-0: Ball
1-0: Called Strike
1-1: Swinging Strike
1-2: Ball
2-2: Foul Ball, location: 2F
2-2: Ball
3-2: Fly out, F4 (Popup, 4)
Batting: RHB David Raymos 0-0: Ball
1-0: Called Strike
1-1: Foul Ball, location: 2F
1-2: Foul Ball, location: 2F
1-2: Fly out, F9 (Flyball, 89S)
Top of the 5th over - 0 run(s), 1 hit(s), 0 error(s), 1 left on base; Birmingham 0 - Waba 2
BOTTOM OF THE 5TH
Waba Ducks batting - Pitching for Birmingham Barons : RHP Pedro Valdés
Batting: RHB Chris Osborn 0-0: Ball
1-0: Ball
2-0: Ball
3-0: Base on Balls
Batting: RHB Paul Spencer 0-0: Called Strike
0-1: Foul Ball, location: 2F
0-2: Ball
1-2: Ball
2-2: Ball
3-2: Base on Balls
Chris Osborn to second
Batting: RHB Jeremy Flemming 0-0: Ball
1-0: Ball
2-0: Grounds into double play, 5-4-3 (Groundball, 56)
Chris Osborn to third
Batting: RHB Ángelo García 0-0: Ball
1-0: Fly out, F9 (Line Drive, 34D)
Bottom of the 5th over - 0 run(s), 0 hit(s), 0 error(s), 1 left on base; Birmingham 0 - Waba 2
TOP OF THE 6TH
Birmingham Barons batting - Pitching for Waba Ducks : RHP Miguel Guerrero
Batting: LHB Al Gaines 0-0: SINGLE (Groundball, 23) (infield hit)
Batting: RHB Warren Martin 0-0: Foul Ball, location: 2F
0-1: Ball
1-1: Ball
2-1: Fly out, F9 (Flyball, 89S)
Batting: RHB Yujiro Kurihara 0-0: Called Strike
0-1: Called Strike
Al Gaines steals 2nd base
0-2: Foul Ball, location: 2F
0-2: DOUBLE (Line Drive, 9D)
Al Gaines scores
Batting: SHB Anastasio Ortíz 0-0: Ball
1-0: Ball
Wild Pitch!
Yujiro Kurihara to third
2-0: Swinging Strike
2-1: Foul Ball, location: 2F
2-2: Foul Ball, location: 2F
2-2: Ball
Wild Pitch!
Yujiro Kurihara scores
3-2: Strikes out swinging
Batting: RHB Jean-Paul St-Pierre 0-0: Called Strike
0-1: Ball
1-1: Ball
2-1: Ball
3-1: Fly out, F8 (Flyball, 8RXD)
Top of the 6th over - 2 run(s), 2 hit(s), 0 error(s), 0 left on base; Birmingham 2 - Waba 2
BOTTOM OF THE 6TH
Waba Ducks batting - Pitching for Birmingham Barons : RHP Pedro Valdés
Batting: RHB Shaun Puckett 0-0: Ball
1-0: Ball
2-0: Ground out 6-3 (Groundball, 6)
Batting: RHB António Valdéz 0-0: Ball
1-0: SINGLE (Flyball, 7S)
Batting: LHB Javier Orozco 0-0: Ball
1-0: Ball
2-0: Swinging Strike
2-1: Ball
3-1: Base on Balls
António Valdéz to second
Batting: RHB Pedro Molina 0-0: Ball
1-0: Fly out, F7 (Flyball, 78S)
Batting: LHB José Román 0-0: Called Strike
0-1: Ball
1-1: Ball
2-1: Fly out, F7 (Flyball, 7)
Bottom of the 6th over - 0 run(s), 1 hit(s), 0 error(s), 2 left on base; Birmingham 2 - Waba 2
TOP OF THE 7TH
Birmingham Barons batting - Pitching for Waba Ducks : RHP Miguel Guerrero
Pitching: RHP Stan Stewart
Pinch Hitting: LHB Marc May 0-0: Foul Ball, location: 2F
0-1: Ball
1-1: Ground out 4-3 (Groundball, 4S)
Pinch Hitting: LHB Curt Walker 0-0: Ball
1-0: Swinging Strike
1-1: Swinging Strike
1-2: Ball
2-2: Fly out, F6 (Popup, 5D)
Batting: RHB Pete Smith 0-0: Called Strike
0-1: Ball
1-1: Ball
2-1: Foul Ball, location: 2F
2-2: Ball
3-2: Foul Ball, location: 2F
3-2: Foul Ball, location: 2F
3-2: Foul Ball, location: 2F
3-2: Ground out 6-3 (Groundball, 6)
Top of the 7th over - 0 run(s), 0 hit(s), 0 error(s), 0 left on base; Birmingham 2 - Waba 2
BOTTOM OF THE 7TH
Waba Ducks batting - Pitching for Birmingham Barons : RHP Pedro Valdés
Pitching: RHP Jim Hicks
Now at 3B: Curt Walker
Now in LF: Marc May
Batting: RHB Chris Osborn 0-0: Ball
1-0: Ball
2-0: Fly out, F4 (Popup, 4)
Batting: RHB Paul Spencer 0-0: SINGLE (Line Drive, 78M)
Batting: RHB Jeremy Flemming 0-0: Foul Ball, location: 2F
0-1: Ball
1-1: Ball
2-1: Called Strike
2-2: Ball
3-2: Base on Balls
Paul Spencer to second
Batting: RHB Ángelo García 0-0: Foul Ball, location: 2F
0-1: Foul Ball, location: 2F
0-2: Foul Ball, location: 2F
0-2: SINGLE (Flyball, 6MD)
Paul Spencer to third
Jeremy Flemming to second
Runner from 3rd tries for Home, throw and OUT!
Jeremy Flemming to third
Ángelo García to second
Batting: RHB Shaun Puckett 0-0: Called Strike
0-1: Ball
1-1: Swinging Strike
1-2: Strikes out looking
Bottom of the 7th over - 0 run(s), 2 hit(s), 0 error(s), 2 left on base; Birmingham 2 - Waba 2
TOP OF THE 8TH
Birmingham Barons batting - Pitching for Waba Ducks : RHP Stan Stewart
Batting: RHB David Raymos 0-0: Ball
1-0: Foul Ball, location: 2F
1-1: Ball
2-1: SINGLE (Groundball, 6MD)
Batting: LHB Al Gaines 0-0: Ball
1-0: Bunted foul
1-1: Sac Bunt - play at second, runner OUT! 3-6
Batting: RHB Warren Martin 0-0: Ball
Al Gaines steals 2nd base
1-0: Called Strike
1-1: Foul Ball, location: 2F
1-2: Fly out, F8 (Flyball, 89D)
Runner from 2nd tags up, SAFE at 3rd, no throw
Batting: RHB Yujiro Kurihara 0-0: Called Strike
0-1: Ball
1-1: Ball
2-1: Foul Ball, location: 2F
2-2: Foul Ball, location: 2F
2-2: Strikes out looking
Top of the 8th over - 0 run(s), 1 hit(s), 0 error(s), 1 left on base; Birmingham 2 - Waba 2
BOTTOM OF THE 8TH
Waba Ducks batting - Pitching for Birmingham Barons : RHP Jim Hicks
Batting: RHB António Valdéz 0-0: Called Strike
0-1: Swinging Strike
0-2: DOUBLE (Line Drive, 78D) - OUT at third base trying to stretch hit.
Batting: LHB Javier Orozco 0-0: Ball
1-0: Hit by Pitch
Batting: RHB Pedro Molina 0-0: Called Strike
0-1: Ball
1-1: Ball
2-1: Ball
3-1: Foul Ball, location: 2F
3-2: Strikes out swinging
Batting: LHB José Román 0-0: Ball
1-0: Called Strike
1-1: Ball
2-1: Ball
3-1: Called Strike
3-2: 2-RUN HOME RUN (Flyball, 9D), Distance : 375 ft
Batting: RHB Chris Osborn 0-0: Fly out, F9 (Flyball, 9S)
Bottom of the 8th over - 2 run(s), 2 hit(s), 0 error(s), 0 left on base; Birmingham 2 - Waba 4
TOP OF THE 9TH
Birmingham Barons batting - Pitching for Waba Ducks : RHP Stan Stewart
Pitching: RHP Bartolo Romo
Batting: SHB Anastasio Ortíz 0-0: Foul Ball, location: 2F
0-1: Ball
1-1: Ground out 4-3 (Groundball, 4)
Batting: RHB Jean-Paul St-Pierre 0-0: Hit by Pitch
Batting: LHB Marc May 0-0: DOUBLE (Flyball, 78D)
Jean-Paul St-Pierre to third
Batting: LHB Curt Walker 0-0: Ground out 6-3 (Groundball, 6)
Jean-Paul St-Pierre scores
Batting: RHB Pete Smith 0-0: Swinging Strike
0-1: Ball
1-1: Ball
2-1: Called Strike
2-2: Foul Ball, location: 2F
2-2: Strikes out swinging
Top of the 9th over - 1 run(s), 1 hit(s), 0 error(s), 1 left on base; Birmingham 3 - Waba 4
Thursday, March 30th, 2017 - OOTP Baseball 17.12 Build 75